 Dungeon Crawl Stone Soup version 0.29.1-1-gd02db6906a (webtiles) character file.

Game seed: 10153539839585556823

66 warriortoast the Conjurer (level 3, -3/19 HPs)
             Began as a Deep Elf Conjurer on Oct 12, 2022.
             Killed by divine providence
             ... invoked by an orc priest
              (14 damage)
             ... on level 3 of the Dungeon.
             The game lasted 00:03:46 (2261 turns).

warriortoast the Conjurer (Deep Elf Conjurer)       Turns: 2261, Time: 00:03:46

Health: -3/19      AC:  3    Str:  4    XL:     3   Next: 96%
Magic:  1/11       EV: 12    Int: 24    God:
Gold:   143        SH:  0    Dex: 13    Spells: 7/11 levels left

rFire   . . .      SeeInvis .   n - +2 short sword (freeze)
rCold   . . .      Faith    .   (no shield)
rNeg    . . .      Spirit   .   a - +0 robe
rPois   .          Reflect  .   (no helmet)
rElec   .          Harm     .   (no cloak)
rCorr   .          Rampage  .   m - +0 pair of gloves
Will    .....                   (no boots)
Stlth   ++........              (no amulet)
HPRegen 0.06/turn               (no ring)
MPRegen 0.12/turn               (no ring)

@: no status effects
A: no striking features
a: no special abilities


You were on level 3 of the Dungeon.
You visited 1 branch of the dungeon, and saw 3 of its levels.

You collected 143 gold pieces.

Inventory:

Hand Weapons
 n - a +2 short sword of freezing (weapon)
Armour
 a - a +0 robe (worn)
 j - a +0 buckler
 m - a +0 pair of gloves (worn)
Jewellery
 c - a ring of ice
Scrolls
 e - a scroll of identify
Potions
 b - 2 potions of magic
 d - a potion of might {unknown}
 g - a potion of curing
 o - a potion of heal wounds {unknown}


   Skills:
 - Level 2.4 Dodging
 - Level 2.4 Stealth
 + Level 4.6 Spellcasting
 + Level 5.3 Conjurations


You had 7 spell levels left.
You knew the following spells:

 Your Spells              Type           Power      Damage    Failure   Level
a - Magic Dart            Conj           100%       1d8       1%          1
b - Dazzling Flash        Conj/Hex       36%        N/A       9%          3

Your spell library contained the following spells:

 Spells                   Type           Power      Damage    Failure   Level
 Searing Ray              Conj           62%        2d6       1%          2
 Fulminant Prism          Conj/Hex       9%         3d7       30%         4
 Hailstorm                Conj/Ice       18%        3d6       30%         4
 Iskenderun's Mystic Bla  Conj/Tloc      18%        2d6       30%         4
 Ice Form                 Ice/Tmut       5%         N/A       67%         4
 Alistair's Intoxication  Tmut/Pois      3%         N/A       95%         5
 Borgnjor's Vile Clutch   Necr/Erth      2%         N/A       95%         5
 Eringya's Noxious Bog    Tmut/Pois      2%         N/A       100%        6
 Simulacrum               Ice/Necr       2%         N/A       100%        6


Dungeon Overview and Level Annotations

Branches:
Dungeon (3/15)

Altars:
Ashenzari


Message History

The magic dart hits the adder!
The adder is severely wounded.
The magic dart hits the adder.
The adder is almost dead.
You are out of magic!
You are out of magic!
You are out of magic!
You are out of magic!
You are out of magic!
Casting: Magic Dart (safe; 1% risk of failure)
Confirm with . or Enter, or press ? or * to list all spells.
You don't have enough magic to cast this spell.
Unknown command.
Casting: Magic Dart (safe; 1% risk of failure)
Confirm with . or Enter, or press ? or * to list all spells.
You don't have enough magic to cast this spell.
Casting: Magic Dart (safe; 1% risk of failure)
Confirm with . or Enter, or press ? or * to list all spells.
You don't have enough magic to cast this spell.
Unknown command.
The adder bites you. The adder attacks as you move away!
The adder barely misses you. The adder attacks as you move away!
The adder bites you but does no damage. The adder barely misses you.
Casting: Magic Dart (safe; 1% risk of failure)
Confirm with . or Enter, or press ? or * to list all spells.
Aiming: Magic Dart (safe; 1% risk of failure)
Press: ? - help, Shift-Dir - straight line, f/p - adder
Aim: an adder (almost dead, 100% to hit)
The magic dart hits the adder!
You kill the adder! 2 orcs come into view.
Found a large brass ring. 2 orc priests come into view.
The orc priest shouts!
You hear an angry hiss.
Found a leather armour and a potion of curing.
The orc priest mumbles some strange prayers to Beogh against you.
Beogh smites you!
Ouch! That really hurt!
You die...

≈###≈.
≈≈≈≈≈.≈≈≈≈≈.≈≈≈≈≈o≈≈≈≈
................oo....
≈≈≈≈≈.≈≈≈≈≈.≈≈≈≈≈.≈≈≈
≈###≈.≈# #≈.≈# #≈.≈# ≈#
#≈.≈# #≈.≈# #≈.≈#
≈###≈.≈###≈.≈###≈.≈###≈.
≈≈≈≈≈.≈≈≈≈≈.≈≈≈≈≈.≈≈≈≈≈.
................@......[
≈≈≈≈≈.≈≈≈≈≈.≈≈≈≈≈.≈≈≈≈≈!
≈###≈.≈###≈.≈###≈.≈###≈.
≈# #≈.≈# #≈.≈# #≈.≈# ≈#
#≈.≈# #≈.≈# #≈.≈#
≈≈≈≈≈.≈≈≈≈≈.≈≈≈≈≈.≈≈≈
..................=...
≈≈≈≈≈.≈≈≈≈≈.≈≈≈≈≈.≈≈≈≈


You could see 2 orc priests and an orc (wandering).

Vanquished Creatures
  3 adders
  2 worms
  An orc (D:3)
  2 endoplasms (D:3)
  2 giant cockroaches (D:2)
  2 goblins
  4 hobgoblins
  2 jackals (D:1)
  3 kobolds
  3 quokkas
  A ball python (D:3)
  3 bats
  2 frilled lizards (D:2)
  3 rats (D:2)
33 creatures vanquished.

Notes
Turn   | Place    | Note
-------+----------+-------------------------------------------
     0 | D:1      | warriortoast the Deep Elf Conjurer began the quest for the
                  | Orb.
     0 | D:1      | Reached XP level 1. HP: 10/10 MP: 6/6
    93 | D:1      | Found a faded altar of an unknown god.
  1035 | D:2      | Reached XP level 2. HP: 15/15 MP: 5/8
  1230 | D:2      | Found a broken altar of Ashenzari.
  1668 | D:2      | Reached skill level 5 in Conjurations
  1668 | D:2      | Reached XP level 3. HP: 19/19 MP: 3/10
  1672 | D:2      | Learned a level 3 spell: Dazzling Flash
  2261 | D:3      | Killed from afar by an orc priest

Illustrated notes

Levels and vault maps discovered:
D:1:      kilobyte_arrival_exit_the_forest, layout_basic,
          hellmonk_ecumenical_altar_run_dry
D:2:      minmay_chambers_of_twos, layout_rooms, basic_altar,
          nicolae_kite_square_tiling_tiny
D:3:      layout_rooms, gup_sewer_entry_bowl, kennysheep_boxes,
          uniq_crazy_yiuf_cottage, uniq_jessica

Skill      XL: |  1  2 |
---------------+-------+-----
Spellcasting   | 4 |  4.6
Conjurations   | 5 |  5.3
Dodging        | |  2.4
Stealth        | |  2.4

Action                   || total
-------------------------++-------
 Cast: Magic Dart        ||    80
  Use: Scroll            ||     8
Armor: Robe              ||     6
Dodge: Dodged            ||    13
